[Event "*** Titled Tuesday Blitz"]
[Site "Chess.com"]
[Date "2021.04.20"]
[Round "3"]
[White "QuintilianoR"]
[Black "ViktoriyaTarasova"]
[Result "1-0"]
[WhiteElo "2700"]
[BlackElo "2422"]
[TimeControl "180+1"]
[EndTime "10:28:40 PDT"]
[Termination "QuintilianoR won on time"]

1. d4 Nf6 2. Nf3 e6 3. c4 b6 4. g3 Ba6 5. b3 d5 6. Bg2 Nbd7 7. cxd5 exd5 8. O-O Bd6 9. Bb2 O-O 10. Nc3 Re8 11. Rc1 c6 12. Re1 Rc8 13. Nd2 b5 14. e4 b4 15. Na4 dxe4 16. Nxe4 Nxe4 17. Bxe4 Bb5 18. d5 c5 19. Bf5 Rxe1+ 20. Qxe1 c4 21. Bd4 cxb3 22. axb3 Rxc1 23. Qxc1 g6 24. Bh3 a5 25.
Qe3 Bf8 26. Bb2 Qe7 27. Qd2 Ne5 28. Bg2 Nd3 29. Bd4 Qe1+ 30. Qxe1 Nxe1 31. Be4 Nd3 32.
Bxd3 Bxd3 33. Bb6 Bc2 34. Bxa5 Bxb3 35. Nb6 Ba2 36. Nd7 b3 37. Bc3 Bd6 38. Nf6+ Kf8 39. Nxh7+ Ke7 40. Nf6 Kd8 41. Ne4 Be7 42. d6 Bf8 43. h4 Kd7 44. Be5 Ke6 45. Bc3 Kd5 46. d7 Be7 47. Nd2 Kd6 48. Nc4+ Kxd7 49. Ne5+ Ke8 50.
Nc4 Bc5 51. Nb2 Kd7 52. Kf1 Bd6 53. Ke2 Ke6 54. f4 Be7 55. Kf3 Bc5 56. g4 Bb1 57. h5 gxh5 58. gxh5 Ke7 59. Kg4 Kf8 60.
Nc4 Kg8 61. Ne5 Be4 62. Nd7 Be7 63. f5 1-0

[Event "*** Titled Tuesday Blitz"]
[Site "Chess.com"]
[Date "2021.04.20"]
[Round "3"]
[White "enriquebutti"]
[Black "DFeco"]
[Result "0-1"]
[WhiteElo "2059"]
[BlackElo "2326"]
[TimeControl "180+1"]
[EndTime "10:28:40 PDT"]
[Termination "DFeco won by checkmate"]

1. d4 d5 2. c4 c6 3. Nf3 Nf6 4. Nc3 a6 5. Ne5 dxc4 6. Nxc4 e6 7. g3 Bb4 8. Bg2 O-O 9. O-O Nd5 10. Bd2 Bxc3 11.
bxc3 b5 12. Ne5 Bb7 13. a4 Nb6 14. axb5 axb5 15. Rxa8 Bxa8 16. Qa1 Na4 17. c4 f6 18.
cxb5 fxe5 19. Qxa4 Qxd4 20. Qxa8 Qxd2 21. bxc6 Nd7 22.
Qa7 Nf6 23. c7 Qd7 24. Qb8 Rc8 25. Bb7 Rxb8 26. cxb8=Q+ Kf7 27. Qc8 Qd4 28. e3 Qd2 29. Bf3 e4 30. Bxe4 Nxe4 31. Qb7+ Kf6 32. Qxe4 h6 33.
Qf4+ Ke7 34. e4 Qb4 35. e5 Qc3 36. Rd1 Qb3 37. Qd4 Kf7 38. Qd8 Kg6 39. Qe8+ Kh7 40. Rd7 Qb1+ 41. Kg2 Qe4+ 42. Kf1 Qb1+ 43. Ke2 Qe4+ 44.
Kd2 Qb4+ 45. Kd3 Qb3+ 46. Kd4 Qb4+ 47. Ke3 Qe1+ 48. Kf3 Qh1+ 49. Kf4 Qc1+ 50. Kg4 Qc4+ 51. Kh3 Qf1+ 52. Kh4 Qc4+ 53. Kh5 Qe2+ 54. g4 Qxe5+ 55. Kh4 Qxh2# 0-1

[Event "*** Titled Tuesday Blitz"]
[Site "Chess.com"]
[Date "2021.04.20"]
[Round "3"]
[White "PavelChernomordik"]
[Black "OriTaichman"]
[Result "1-0"]
[WhiteElo "2378"]
[BlackElo "2543"]
[TimeControl "180+1"]
[EndTime "10:28:44 PDT"]
[Termination "PavelChernomordik won by checkmate"]

1. e4 c5 2. Nc3 g6 3. f4 Bg7 4.
Nf3 Nc6 5. Bb5 Nd4 6. Bc4 e6 7. O-O Ne7 8. e5 d5 9. Nxd4 cxd4 10. Bb5+ Kf8 11. Ne2 Qb6 12. Bd3 h5 13. b3 Nf5 14.
Bb2 Kg8 15. Qe1 h4 16. Qf2 Bd7 17. Nxd4 Nxd4 18. Bxd4 Qc7 19. Bxa7 h3 20. g3 d4 21. Bxd4 Bc6 22. Rfe1 Qd7 23. Be4 Bf8 24. d3 Bb4 25. c3 Ba3 26. b4 Rc8 27. Rab1 Kg7 28. Rb3 Ra8 29. Qf3 Bxe4 30. Qxe4 Rhd8 31. c4 b5 32. Bc5 bxc4 33. Qxc4 Rac8 34. Qe4 Rxc5 35. bxc5 Bxc5+ 36. Kf1 Bd4 37. Rc1 Qa4 38. Rc2 Qa7 39. Qb7 Qa4 40. Qb5 Qa8 41. Qb7 Qa5 42. Ke2 Bg1 43. Rc7 Rf8 44. Kf3 Qxa2 45. Rb2 Qa3 46. Kg4 Qxd3 47. Kxh3 Qf1+ 48. Qg2 Qa1 49. Ra2 Rh8+ 50.
Kg4 Qd1+ 51. Qe2 Qd5 52. Raa7 Kh6 53. Rxf7 Bxh2 54. Qxh2# 1-0

[Event "*** Titled Tuesday Blitz"]
[Site "Chess.com"]
[Date "2021.04.20"]
[Round "3"]
[White "stepakyedael"]
[Black "InvisibleWarrior2252"]
[Result "0-1"]
[WhiteElo "2234"]
[BlackElo "2506"]
[TimeControl "180+1"]
[EndTime "10:28:45 PDT"]
[Termination "InvisibleWarrior2252 won on time"]

1. d4 Nf6 2. c4 e6 3. Nf3 d5 4. e3 dxc4 5. Bxc4 a6 6. O-O b5 7. Be2 Bb7 8. a3 Nbd7 9. Nbd2 c5 10. dxc5 Nxc5 11. b4 Na4 12. Nb3 Bd6 13. Na5 Bd5 14.
Qd4 Bc7 15. Bd2 Qb8 16. h3 O-O 17. Rfc1 Rd8 18. Qh4 Bxa5 19. bxa5 Bxf3 20. Bxf3 Rxd2 21. Bxa8 Qxa8 22. Rd1 Rxd1+ 23. Rxd1 h6 24. Qd4 Qc6 25. Qd8+ Kh7 26. Qd3+ Qe4 27. Qxe4+ Nxe4 28. Rd7 Kg6 29.
Ra7 Nec5 30. Kf1 Nc3 31. Rc7 N3e4 32. f3 Nd2+ 33. Ke2 Ndb3 34. Rc6 Kf6 35. g4 Ke7 36. Rc7+ Ke8 37. Kf2 Nd3+ 38. Kg3 Nxa5 39. Rc8+ Kd7 40. Rf8 Ke7 41. Ra8 Nc5 42. e4 Nc4 43. Ra7+ Kf6 44.
Rc7 Na4 45. Rc6 Nxa3 46. Rxa6 Nc4 47. f4 Ke7 48. e5 Nc5 49. Ra7+ Ke8 50. h4 Ne4+ 51.
Kf3 Nc3 52. Rb7 Na5 53. Rb8+ Kd7 54. Rb6 Nc6 55. g5 b4 0-1

[Event "*** Titled Tuesday Blitz"]
[Site "Chess.com"]
[Date "2021.04.20"]
[Round "3"]
[White "klimkoj"]
[Black "Rsnr"]
[Result "1/2-1/2"]
[WhiteElo "2619"]
[BlackElo "2781"]
[TimeControl "180+1"]
[EndTime "10:28:47 PDT"]
[Termination "Game drawn by repetition"]

1. e4 c6 2. d4 d5 3. Nc3 dxe4 4.
Nxe4 Bf5 5. Ng3 Bg6 6. Nf3 e6 7. h4 h6 8. Bd3 Bxd3 9. Qxd3 Nf6 10. O-O c5 11. Rd1 Nc6 12. Be3 Qb6 13. Ne4 Nxe4 14.
Qxe4 Be7 15. h5 O-O 16. Ne5 Nxe5 17. dxe5 Rfd8 18. b3 Qb4 19. c4 a5 20. Qc2 a4 21.
Rxd8+ Bxd8 22. Rd1 Bc7 23. f4 axb3 24. axb3 Rd8 25.
Rxd8+ Bxd8 26. Qd3 Be7 27. Bd2 Qb6 28. Be3 Qc6 29.
Bf2 f6 30. exf6 Bxf6 31. Qe3 b6 32. Qd3 Kf7 33. Qg6+ Ke7 34. Qd3 Qe8 35. g4 Qc6 36. Be3 Bb2 37. g5 Qe8 38. g6 Qc6 39. Bf2 Bf6 40.
Qe3 Qd6 41. Qf3 Qd7 42. Kg2 Kd8 43. Qa8+ Ke7 44. Qe4 Qc7 45. f5 Qd6 46. fxe6 Qxe6 47. Qb7+ Kd8 48. Qb8+ Kd7 49. Qb7+ Ke8 50. Qb8+ Bd8 51.
Qf4 Qd7 52. Qe4+ Kf8 53. Qf4+ Bf6 54. Qb8+ Ke7 55. Qxb6 Qg4+ 56. Kf1 Qd1+ 57. Kg2 Qg4+ 58. Bg3 Qxh5 59. Qd6+ Ke8 60. Qb8+ Kd7 61. Qd6+ Ke8 62. Qe6+ Kd8 63. Qd6+ Ke8 1/2-1/2

[Event "*** Titled Tuesday Blitz"]
[Site "Chess.com"]
[Date "2021.04.20"]
[Round "3"]
[White "dropstoneDP"]
[Black "ffbp3q"]
[Result "1-0"]
[WhiteElo "2932"]
[BlackElo "2363"]
[TimeControl "180+1"]
[EndTime "10:28:47 PDT"]
[Termination "dropstoneDP won by resignation"]

1. c4 e5 2. Nf3 Nc6 3. d3 g6 4. g3 Bg7 5. Bg2 d6 6. O-O Nf6 7. Nc3 O-O 8. Rb1 a5 9. b3 h6 10. Bb2 Be6 11. Re1 Qd7 12. Qd2 Rad8 13. Ba1 Ne7 14.
e4 Nc6 15. Nb5 Rfe8 16. d4 exd4 17. Nfxd4 Nxd4 18. Bxd4 b6 19. Rbd1 Ng4 20. Bxg7 Kxg7 21. h3 Nf6 22. Kh2 Qc8 23. Qc3 Bd7 24. Nd4 Kh7 25.
Nc2 Nh5 26. Ne3 Bc6 27. Qd4 Qe6 28. f4 Qf6 29. Qd3 Ng7 30. Ng4 Qe7 31. Qc3 Nh5 32. Re3 Qf8 33. Rde1 Qg7 34. Qc2 Re7 35. Qf2 Rde8 36.
R3e2 Nf6 37. Nxf6+ Qxf6 38. h4 Qc3 39. Re3 Qd4 40.
Qe2 Bd7 41. h5 g5 42. Qf1 Qg7 43. R3e2 Rg8 44. f5 Qe5 45. Qf2 g4 46. Rd2 Rg5 47.
Rd5 Qf6 48. Kg1 Rxh5 49. Qf4 Rg5 50. Rdd1 h5 51. Re2 Rg7 52. Kf2 Qg5 53. Rh1 Qxf4+ 54. gxf4 g3+ 55. Kf3 Bc6 56. f6 Rxe4 57. Rxe4 Bxe4+ 58. Kxe4 Rg6 59. Rxh5+ Kg8 60. Rg5 Kh7 61. Kf5 Kh6 62.
Rxg6+ fxg6+ 63. Kg4 Kh7 64. Bd5 1-0

[Event "*** Titled Tuesday Blitz"]
[Site "Chess.com"]
[Date "2021.04.20"]
[Round "3"]
[White "WiktoriaPOL"]
[Black "Srisshhhtea"]
[Result "0-1"]
[WhiteElo "2042"]
[BlackElo "2320"]
[TimeControl "180+1"]
[EndTime "10:28:48 PDT"]
[Termination "Srisshhhtea won by checkmate"]

1. e4 e6 2. d4 d5 3. e5 c5 4. c3 Qb6 5. Nf3 Bd7 6. Bd3 Nc6 7. O-O cxd4 8. cxd4 Nxd4 9. Nxd4 Qxd4 10. Re1 Qb6 11. Nc3 a6 12. b3 Bc5 13. Re2 Bd4 14. Bb2 Rc8 15. Rc1 Ne7 16. h3 O-O 17. Nxd5 Rxc1 18. Nxe7+ Kh8 19. Bxc1 Bc5 20. Be3 Re8 21. Bxc5 Qxc5 22.
Rd2 Rxe7 23. Rc2 Qxe5 24. Bf1 g6 25. Rd2 Bc6 26. Rd8+ Kg7 27. Qd2 Qf6 28. f3 e5 29.
Rd6 Re6 30. Rd8 e4 31. Bc4 Re7 32. Rd6 Qa1+ 33. Kh2 exf3 34. gxf3 Bxf3 35. Kg3 Bc6 36. Qd4+ Qxd4 37. Rxd4 Re3+ 38. Kh4 h6 39. Bd5 Bxd5 40.
Rxd5 g5+ 41. Kg4 Kg6 42. Rd6+ Re6 43. Rd7 f5+ 44. Kf3 b5 45. Rd5 Rc6 46. Rd2 h5 47. Re2 Kf6 48. Kg3 Rc3+ 49. Kg2 g4 50. Rd2 gxh3+ 51.
Kh2 Kg5 52. Rd5 h4 53. Rd4 f4 54. Rd5+ Kg4 55. Rd8 Rc2+ 56. Kg1 Kf3 57. Rd3+ Ke4 58. Rd8 Rxa2 59. Re8+ Kf3 60. Rh8 Kg3 61. Rg8+ Kf3 62.
Rh8 Rb2 63. Rxh4 Kg3 64. Rh8 Rb1# 0-1

[Event "*** Titled Tuesday Blitz"]
[Site "Chess.com"]
[Date "2021.04.20"]
[Round "3"]
[White "Kaua18"]
[Black "stanyga"]
[Result "0-1"]
[WhiteElo "2411"]
[BlackElo "2625"]
[TimeControl "180+1"]
[EndTime "10:28:49 PDT"]
[Termination "stanyga won on time"]

1. e4 c5 2. Nf3 d6 3. d4 cxd4 4. Nxd4 Nf6 5. Nc3 a6 6. h3 e5 7. Nb3 h5 8. Bg5 Be6 9. Be2 Nbd7 10. f4 Rc8 11. f5 Bc4 12. Bxc4 Rxc4 13. O-O Qb6+ 14.
Kh1 Nxe4 15. Nxe4 Rxe4 16. Nd2 Rg4 17. Nf3 e4 18. Qe2 d5 19. Be3 Bc5 20. Bxc5 Qxc5 21. b4 Qb6 22. Rad1 Nf6 23. c4 Kf8 24. Ne5 Rg3 25.
cxd5 Qd6 26. Nc4 Qxb4 27. d6 Kg8 28. d7 Kh7 29. d8=Q Rxd8 30. Rxd8 Qb5 31. Rd2 e3 32. Rc2 Ne4 33. Nxe3 Rxh3+ 34. Kg1 Rh1+ 35. Kxh1 Ng3+ 36. Kg1 Nxe2+ 37. Kf2 Nd4 38. Rd2 Nxf5 39. Nxf5 Qxf5+ 40. Kg1 Qc5+ 41. Kh1 f6 42. Rb2 b5 43. Rb3 a5 44. Rh3 Kh6 45. Rff3 Qc1+ 46. Kh2 Qc7+ 47. Kh1 b4 48. a3 Qc1+ 49. Kh2 Qc7+ 50. Kh1 Qe5 51. axb4 axb4 52. Rb3 Qd4 53. Rhd3 Qc4 54. Rf3 h4 55. Kh2 Kg6 56. Kh3 Kf7 57. Kh2 g5 58.
Rfe3 g4 59. Red3 g3+ 60. Kh3 Kg6 61. Rf3 Kg5 0-1

[Event "*** Titled Tuesday Blitz"]
[Site "Chess.com"]
[Date "2021.04.20"]
[Round "3"]
[White "GAusal"]
[Black "Cuajada_Zero"]
[Result "1-0"]
[WhiteElo "2013"]
[BlackElo "2300"]
[TimeControl "180+1"]
[EndTime "10:28:49 PDT"]
[Termination "GAusal won on time"]

1. e4 c6 2. f4 d5 3. e5 Bf5 4. d4 h5 5. Bd3 Bxd3 6. Qxd3 e6 7. f5 exf5 8. Qxf5 Qd7 9. Qf2 Na6 10. Ne2 f6 11. O-O O-O-O 12. Nf4 Nc7 13. Nc3 Ne7 14.
Bd2 f5 15. Nh3 Ne6 16. Ne2 g6 17. c3 Bh6 18. Bxh6 Rxh6 19. Qe3 Rh7 20. Nef4 Rg7 21.
Nxe6 Qxe6 22. Ng5 Qd7 23. a4 Ng8 24. h4 Re8 25. Qd3 Nh6 26. b4 Nf7 27. e6 Rxe6 28.
Nxe6 Qxe6 29. Rfe1 Qd7 30. Qe3 Nd6 31. Qe6 Ne4 32.
Qxd7+ Kxd7 33. Re3 Rf7 34. g3 f4 35. gxf4 Rxf4 36. Rf1 Rg4+ 37. Kh2 Rxh4+ 38. Kg2 Rg4+ 39.
Kh3 Ke7 40. Ref3 Rg5 41. c4 a6 42. cxd5 cxd5 43. Rf7+ Ke6 44. Rxb7 Rg3+ 45. Kh2 Rd3 46.
Rb6+ Ke7 47. Rxa6 Rxd4 48. b5 Rb4 49. b6 g5 50. Ra7+ Kd6 51. a5 Rb2+ 52. Kh3 Rb3+ 53.
Kg2 Rb2+ 54. Kf3 Nd2+ 55. Ke2 Nxf1+ 56. Kxf1 Kc6 57. Rc7+ Kd6 58. Rg7 g4 59. Rh7 Kc5 60. b7 Kc6 61. a6 g3 62. Rxh5 Rf2+ 63. Kg1 Rf8 64. Rh6+ Kb5 65. a7 1-0

[Event "*** Titled Tuesday Blitz"]
[Site "Chess.com"]
[Date "2021.04.20"]
[Round "3"]
[White "bricolageur"]
[Black "GMaka"]
[Result "1-0"]
[WhiteElo "2282"]
[BlackElo "2469"]
[TimeControl "180+1"]
[EndTime "10:28:50 PDT"]
[Termination "bricolageur won on time"]

1. e4 e6 2. d4 d5 3. Nc3 dxe4 4. Nxe4 Nd7 5. Nf3 Ngf6 6. Nxf6+ Nxf6 7. c3 c5 8. Ne5 a6 9. Be3 cxd4 10. Bxd4 Be7 11. Qa4+ Bd7 12. Nxd7 Qxd7 13. Qxd7+ Kxd7 14. O-O-O Kc6 15. Be2 Rad8 16. Bf3+ Kc7 17. a4 a5 18. Rhe1 b6 19. Re5 Nd7 20. Rb5 Bc5 21. Bxg7 Rhg8 22. Bd4 e5 23.
Bxc5 Nxc5 24. b4 axb4 25. Rxd8 Rxd8 26. cxb4 Nd3+ 27. Kc2 Rd4 28. Kb3 f6 29. a5 bxa5 30.
bxa5 e4 31. Bh5 Nxf2 32. a6 Rd3+ 33. Kb4 Rd8 34. Rb7+ Kc6 35. Be2 Nd3+ 36. Ka5 Nc5 37. Bb5+ Kd6 38. Rxh7 f5 39. a7 Ra8 40. Kb6 e3 41.
Rh3 f4 42. Rf3 Rf8 43. Rf1 Ne4 44. Ra1 Ke5 45. a8=Q Rf6+ 46. Bc6 Nd6 47. Qb8 Re6 48. Ra5+ Kd4 49. Qh8+ Kd3 50. Qb2 e2 51. Ra3+ Kc4 52. Bb5+ Nxb5+ 53. Ka5 Nxa3 54. Qa2+ Kd3 55. Qxe6 Nc4+ 56.
Ka6 Ne3 57. Qb3+ Kd2 58. Qb2+ Nc2 59. Qe5 e1=Q 60. Qxf4+ Kd1 61. Qf3+ Kc1 62. h3 Ne3 63. Kb5 Qd2 64. Kc5 Qc3+ 65. Kb5 Qb3+ 66. Kc5 Qc3+ 67. Kd6 Qd3+ 68. Ke6 Qc4+ 69. Ke5 1-0

[Event "*** Titled Tuesday Blitz"]
[Site "Chess.com"]
[Date "2021.04.20"]
[Round "3"]
[White "MerryPoppies"]
[Black "losersgame"]
[Result "0-1"]
[WhiteElo "2120"]
[BlackElo "2345"]
[TimeControl "180+1"]
[EndTime "10:28:50 PDT"]
[Termination "losersgame won by resignation"]

1. d4 Nf6 2. c3 g6 3. Nf3 Bg7 4. Bg5 d6 5. e3 Nbd7 6. Bd3 c5 7.
O-O b6 8. Nbd2 h6 9. Bxf6 Bxf6 10. Ne4 Bg7 11. Nfd2 Bb7 12. f4 Qc7 13. f5 g5 14.
Qh5 d5 15. Ng3 Nf6 16. Bb5+ Bc6 17. Bxc6+ Qxc6 18. Qf3 h5 19. e4 h4 20. exd5 Qxd5 21.
Nge4 Rd8 22. dxc5 bxc5 23. Rad1 Qxa2 24. Nxf6+ Bxf6 25. Qc6+ Kf8 26. Ne4 Rxd1 27. Rxd1 Kg7 28. Qxc5 Qxb2 29. Nxf6 exf6 30. Qxa7 Qxc3 31. Qd4 Qc2 32.
Qd3 Qxd3 33. Rxd3 Re8 34. Kf2 Re5 35. Rf3 Kh6 36. g4 hxg3+ 37. hxg3 g4 38. Rf4 Kg5 39.
Kg2 Rxf5 40. Rb4 Ra5 41. Rc4 f5 42. Rc7 f4 43. Rxf7 Ra2+ 44. Kf1 f3 45. Rg7+ Kf5 46.
Rf7+ Ke5 47. Re7+ Kd4 48. Rd7+ Ke3 49. Re7+ Kd3 50. Rd7+ Ke3 51. Re7+ Kd2 52. Rd7+ Kc1 53. Rc7+ Rc2 54. Re7 Kd1 55. Re1+ Kd2 56. Re7 Rc1+ 57. Kf2 Rc2 58. Rd7+ Kc3+ 59. Kf1 Rd2 60. Rc7+ Kd3 61. Rd7+ Ke3 62. Re7+ Kd4 63. Rd7+ Kc3 64. Rc7+ Kd3 65.
Rd7+ Kc2 66. Rc7+ Kd1 67. Re7 Rg2 68. Re1+ Kd2 69. Re7 Rxg3 70. Kf2 Rg2+ 71. Kf1 Re2 72. Rd7+ Ke3 73. Re7+ Kd3 74. Rd7+ Ke3 75. Re7+ Kf4 76. Rf7+ Kg3 77. Rg7 Ra2 78. Ke1 Ra1+ 79. Kd2 f2 80. Rf7 f1=Q 0-1

[Event "*** Titled Tuesday Blitz"]
[Site "Chess.com"]
[Date "2021.04.20"]
[Round "3"]
[White "VinzentSpitzl"]
[Black "ChessLover0108"]
[Result "1/2-1/2"]
[WhiteElo "2435"]
[BlackElo "2712"]
[TimeControl "180+1"]
[EndTime "10:28:52 PDT"]
[Termination "Game drawn - insufficient material"]

1. e4 Nf6 2. e5 Nd5 3. d4 d6 4. Nf3 dxe5 5. Nxe5 c6 6. Be2 g6 7. c4 Nf6 8. Nc3 Bg7 9. O-O O-O 10. Bf4 Nbd7 11.
Nf3 Nb6 12. Re1 Bg4 13. h3 Bxf3 14. Bxf3 Nxc4 15. Qe2 Qxd4 16. Bg3 e6 17. Rad1 Qc5 18. Na4 Qb5 19. b3 Nb6 20. Qxb5 cxb5 21. Nc3 a6 22. Bxb7 Ra7 23. Bf3 Rc8 24. Rd3 h5 25. Red1 Nfd7 26.
Ne4 Be5 27. Nd6 Rc2 28. R1d2 Rxd2 29. Rxd2 Bxg3 30. fxg3 Ne5 31. Kf2 Rd7 32. Ke3 Nd5+ 33.
Bxd5 Rxd6 34. Be4 Rxd2 35. Kxd2 b4 36. Ke3 Kf8 37. Kd4 f6 38. Kc5 a5 39. Kb5 f5 40. Bb7 Ke7 41. Kxa5 Nd3 42. Ba6 Nc1 43. Kxb4 Nxa2+ 44. Kc5 Nc3 45. b4 Ne4+ 46. Kc6 Nxg3 47. b5 Ne4 48. b6 Nd6 49. b7 Nxb7 50. Bxb7 h4 51. Kc5 Kf6 52. Kd6 e5 53. Bd5 e4 54.
Bc4 g5 55. Kd5 g4 56. hxg4 fxg4 57. Kxe4 Kg5 58. Be2 h3 59. gxh3 gxh3 60. Kf3 Kh4 61. Kf2 h2 62. Kg2 h1=Q+ 63. Kxh1 1/2-1/2

[Event "*** Titled Tuesday Blitz"]
[Site "Chess.com"]
[Date "2021.04.20"]
[Round "3"]
[White "ShahMatKanal"]
[Black "Kapibara_Warri0r"]
[Result "1-0"]
[WhiteElo "2393"]
[BlackElo "2227"]
[TimeControl "180+1"]
[EndTime "10:28:52 PDT"]
[Termination "ShahMatKanal won by resignation"]

1. e4 c6 2. d4 d5 3. exd5 cxd5 4. Bd3 Nc6 5. c3 Nf6 6. h3 e6 7. Nf3 Bd6 8. O-O O-O 9. Re1 h6 10. Nbd2 Qc7 11. Qe2 b6 12. Nf1 Bb7 13. Ne3 e5 14. dxe5 Nxe5 15. Nxe5 Bxe5 16. Ng4 Nxg4 17. Qxg4 Bc8 18.
Qh5 Bxc3 19. Bxh6 g6 20. Bxg6 fxg6 21. Qxd5+ Kh7 22. Bxf8 Bb7 23. Qd6 Qxd6 24. Bxd6 Bxe1 25. Rxe1 Bd5 26. Re7+ Kg8 27. b3 Rd8 28. Be5 Bf7 29. Rxa7 b5 30. a4 bxa4 31. bxa4 Re8 32. f4 g5 33. Kh2 gxf4 34. Bxf4 Re4 35. Kg3 Rb4 36. Ra8+ Kh7 37. Ra7 Kg6 38. a5 Rb3+ 39. Kf2 Rb2+ 40. Kg3 Bd5 41. Ra6+ Kf5 42. Bc7 Rxg2+ 43. Kh4 Rd2 44.
Rd6 Ke4 45. Kg5 Rg2+ 46. Kf6 Rf2+ 47. Ke7 Rg2 48. a6 Rg7+ 49. Kd8 Rg8+ 50. Kd7 Rg7+ 51. Kc8 Rg8+ 52. Bd8 Rg7 53. Bc7 Rg8+ 54. Rd8 Rg7 55. a7 Rg6 56. Rxd5 Kxd5 57. a8=Q+ Ke6 58. h4 Rg8+ 59. Bd8 Kf7 60. Qa2+ Kg7 61. Qxg8+ Kxg8 62. Kd7 Kh7 63. Bg5 Kh8 64. Ke6 Kh7 65. Kf6 Kh8 66. Kg6 Kg8 67. h5 Kh8 68. Bf6+ Kg8 69. h6 Kf8 70. h7 1-0

[Event "*** Titled Tuesday Blitz"]
[Site "Chess.com"]
[Date "2021.04.20"]
[Round "3"]
[White "Bad_left_hook"]
[Black "bocah_sakit"]
[Result "1/2-1/2"]
[WhiteElo "2632"]
[BlackElo "2818"]
[TimeControl "180+1"]
[EndTime "10:28:53 PDT"]
[Termination "Game drawn - insufficient material"]

1. b3 Nf6 2. Bb2 g6 3. Nf3 Bg7 4. e3 O-O 5. Be2 d6 6. O-O e5 7. d3 Nh5 8. Nfd2 Nf6 9. Nc3 Nc6 10. Nf3 h6 11. Nb1 Nh7 12. c4 f5 13. Nc3 Ng5 14.
Nxg5 Qxg5 15. Nd5 Rf7 16. f4 Qd8 17. fxe5 dxe5 18. Qc2 Be6 19. Bf3 a5 20. a3 Qd7 21. b4 Raf8 22. b5 Nd8 23. Rad1 b6 24. e4 Nb7 25. exf5 Bxf5 26. Ne3 Nc5 27. Nxf5 Rxf5 28.
Bd5+ Kh7 29. Qe2 Rxf1+ 30. Rxf1 Rxf1+ 31. Qxf1 Qf5 32. Qxf5 gxf5 33. Bc3 Nxd3 34. Be6 Kg6 35. Bd7 e4 36. Bxg7 Kxg7 37. Bxf5 Nc5 38. Kf2 Kf6 39. g4 h5 40. Ke3 Ke5 41. h3 h4 42.
Bh7 Ne6 43. Bxe4 Nf4 44. g5 Nxh3 45. g6 Kf6 46. Kd4 Ng5 47. Bg2 Kxg6 48. Kd5 Kf6 49. c5 bxc5 50. Kxc5 Ke7 51. b6 cxb6+ 52. Kxb6 Kd6 53. Kxa5 Kc5 54. a4 Ne6 55. Ka6 Nd8 56. a5 Nc6 57. Bh1 Nb4+ 58. Ka7 Kb5 59. Bg2 Kxa5 60.
Kb7 Kb5 61. Kc7 Kc5 62. Kd7 Kd4 63. Ke6 Ke3 64. Kf5 Kf2 65. Kg4 Kxg2 66. Kxh4 1/2-1/2

[Event "*** Titled Tuesday Blitz"]
[Site "Chess.com"]
[Date "2021.04.20"]
[Round "3"]
[White "zmeeed67"]
[Black "NicoChasin"]
[Result "1/2-1/2"]
[WhiteElo "2495"]
[BlackElo "2684"]
[TimeControl "180+1"]
[EndTime "10:28:53 PDT"]
[Termination "Game drawn - insufficient material"]

1. d4 Nf6 2. c4 g6 3. Nc3 Bg7 4. e4 d6 5. Be2 Bg4 6. Bxg4 Nxg4 7.
Qxg4 Bxd4 8. Nge2 Bg7 9. h4 Nc6 10. h5 Ne5 11. Qg3 Nxc4 12. hxg6 hxg6 13. Rxh8+ Bxh8 14. Qh3 Bf6 15. Nd5 Be5 16. Bg5 f6 17. Qh8+ Kd7 18. Qh3+ Ke8 19. Bf4 c6 20. Ndc3 Qc8 21.
Qh7 Nxb2 22. Qxg6+ Kd7 23. Bxe5 Nd3+ 24. Kd2 Nxe5 25. Qf5+ Kc7 26. Qxc8+ Rxc8 27. f4 Nc4+ 28. Kd3 Nb2+ 29. Kd4 e5+ 30. Ke3 Rg8 31. Kf3 Nc4 32.
Rh1 exf4 33. Nxf4 Ne5+ 34. Kf2 Kb6 35. Rh7 Rb8 36. Nd1 Kc5 37. Ne3 Kd4 38. Nh5 Kxe4 39. Nxf6+ Kd3 40. Nfg4 Rf8+ 41. Kg3 Nxg4 42. Nxg4 c5 43.
Rd7 c4 44. Rxd6+ Kc2 45. Ne3+ Kc3 46. Kh4 Rf2 47. g4 Rh2+ 48. Kg5 Rxa2 49. Kg6 b5 50. g5 b4 51. Rc6 Kd4 52. Nxc4 Rc2 53. Na5 Rb2 54.
Rc4+ Kd5 55. Kf7 Rf2+ 56. Kg7 b3 57. Rb4 b2 58. Nc4 b1=Q 59. Rxb1 Kxc4 60. g6 a5 61. Ra1 Kb4 62. Kh6 Rh2+ 63. Kg7 a4 64. Kf8 Rf2+ 65. Kg8 a3 66. g7 Kb3 67. Kh8 Rh2+ 68. Kg8 Kb2 69. Rxa3 Kxa3 70. Kf7 Rf2+ 71. Ke7 Rg2 72. Kf7 Kb4 73. g8=Q Rxg8 74. Kxg8 1/2-1/2

[Event "*** Titled Tuesday Blitz"]
[Site "Chess.com"]
[Date "2021.04.20"]
[Round "3"]
[White "Nils_03"]
[Black "Iball95"]
[Result "0-1"]
[WhiteElo "2405"]
[BlackElo "2607"]
[TimeControl "180+1"]
[EndTime "10:28:53 PDT"]
[Termination "Iball95 won by checkmate"]

1. d4 e6 2. c4 d5 3. Nf3 dxc4 4. e3 c5 5. Bxc4 Nf6 6. O-O a6 7. Qe2 b5 8. Bd3 Bb7 9. Rd1 Nbd7 10. a4 b4 11. Nbd2 cxd4 12. exd4 Be7 13. Nc4 O-O 14. Bf4 Nd5 15. Bg3 N7f6 16. Nfe5 a5 17. Re1 Rc8 18. Rad1 Ba6 19. Bh4 Nf4 20. Qf3 Nxd3 21. Qxd3 Nd5 22. Bg3 Bf6 23. b3 Nc3 24. Rc1 Bxc4 25. bxc4 Nxa4 26. d5 exd5 27. cxd5 Nc3 28. d6 Rc5 29. Ng4 Rd5 30. Qf3 Rd2 31. Nxf6+ Qxf6 32. Qxf6 gxf6 33. Ra1 Ne2+ 34. Kf1 Nxg3+ 35. hxg3 Ra8 36. Red1 Rxd1+ 37. Rxd1 Kf8 38. Ke2 a4 39. Kd3 Ke8 40. Kc4 b3 41. Kc3 Kd7 42. Kb2 Ra6 43. Ka3 Rxd6 44. Rh1 Rb6 45.
Kxa4 b2 46. Rb1 Ke6 47. Ka3 Kd5 48. Rxb2 Rc6 49. Rd2+ Ke4 50. Kb3 f5 51. Kb2 f4 52.
Re2+ Kf5 53. gxf4 Kxf4 54. Re7 Rf6 55. Kc2 Kg4 56. Re2 h5 57. Kd2 h4 58. Ke1 Ra6 59.
Re4+ Kg5 60. f3 Ra2 61. Kf1 f5 62. Re8 Kf4 63. Kg1 h3 64. gxh3 Kg3 65. Rb8 Ra1+ 66. Rb1 Rxb1# 0-1

[Event "*** Titled Tuesday Blitz"]
[Site "Chess.com"]
[Date "2021.04.20"]
[Round "3"]
[White "superchess02"]
[Black "Gerodot71"]
[Result "1/2-1/2"]
[WhiteElo "2734"]
[BlackElo "2578"]
[TimeControl "180+1"]
[EndTime "10:28:54 PDT"]
[Termination "Game drawn - insufficient material"]

1. c4 e5 2. Nc3 Nf6 3. g3 c6 4.
Bg2 d5 5. cxd5 cxd5 6. Nf3 Nc6 7. d4 e4 8. Ne5 Be7 9. O-O O-O 10. Bg5 Be6 11.
Rc1 Rc8 12. Qa4 a6 13. Rfd1 h6 14. Bxf6 Bxf6 15. Nxc6 Rxc6 16. e3 Qb6 17. Rc2 Rfc8 18. Rdc1 h5 19. h4 Be7 20. Bxe4 dxe4 21. d5 Rxc3 22.
Rxc3 Rxc3 23. Rxc3 Bxd5 24. Qe8+ Bf8 25. Rc8 Qb4 26.
a3 Qd6 27. Rd8 Qc5 28. b4 Qc1+ 29. Kg2 Bc4 30. Qxf8+ Kh7 31. Qg8+ Kg6 32. Rd6+ f6 33. Qe8+ Kh6 34. Qxe4 Qf1+ 35. Kh2 Qxf2+ 36. Qg2 Qxe3 37. Qd2 Qxd2+ 38. Rxd2 Bb5 39. Rd6 Bc6 40. Kg1 Kg6 41.
Kf2 Kf5 42. Rd8 g5 43. Rh8 Kg6 44. hxg5 fxg5 45. Ke3 Bg2 46. Kd4 Bc6 47. Kc5 Bf3 48.
Kb6 Kf5 49. a4 Kg4 50. Rg8 Bd5 51. Rg7 Bc6 52. b5 axb5 53. axb5 Be4 54. Ka7 h4 55.
gxh4 Kxh4 56. Re7 Bd5 57. b6 g4 58. Rh7+ Kg5 59. Rg7+ Kf4 60. Rd7 Bc6 61. Rxb7 Bxb7 62. Kxb7 g3 63. Ka6 g2 64. b7 g1=Q 65. b8=Q+ Kf3 66. Qf8+ Kg2 67. Qg7+ Kf1 68. Qxg1+ Kxg1 1/2-1/2

[Event "*** Titled Tuesday Blitz"]
[Site "Chess.com"]
[Date "2021.04.20"]
[Round "3"]
[White "shnitez"]
[Black "Kale36"]
[Result "0-1"]
[WhiteElo "2515"]
[BlackElo "2302"]
[TimeControl "180+1"]
[EndTime "10:28:54 PDT"]
[Termination "Kale36 won by resignation"]

1. c4 Nc6 2. Nc3 e5 3. Nf3 Bc5 4. e3 Nf6 5. d4 exd4 6. exd4 Bb4 7. d5 Qe7+ 8. Be2 Ne5 9. O-O Bxc3 10. bxc3 d6 11. Nd4 O-O 12. Re1 Re8 13. Bg5 h6 14. Bh4 Ng6 15. Bg3 Bd7 16. Bd3 Qf8 17. Rxe8 Rxe8 18.
Qb1 Ne5 19. Be2 b6 20. h3 c5 21. Nf5 Bxf5 22. Qxf5 Ng6 23. Bd3 Qe7 24. a4 Ne5 25. Bf1 Qd7 26. Qc2 Nh5 27. Bh2 Ng6 28. a5 Nhf4 29.
axb6 axb6 30. Qd2 Qf5 31. Re1 Ra8 32. Qb2 Qg5 33. Kh1 Ne5 34. Qc1 Nfd3 35. Qxg5 hxg5 36.
Bxd3 Nxd3 37. Rf1 Ra2 38. Bxd6 Nxf2+ 39. Kg1 Ne4 40. Bc7 Rb2 41. d6 Rd2 42. Bxb6 Nxd6 43.
Bc7 Nxc4 44. Rf5 f6 45. Rxc5 Ne3 46. Kh1 Nxg2 47. Rb5 Nf4 48. Rb8+ Kf7 49. Bxf4 gxf4 50. Rb4 g5 51. Rc4 Rc2 52. Kg1 Kg6 53. Rc5 Kh5 54. Rc6 f5 55. Rc7 Kh4 56. Kf1 Kg3 57. Rg7 g4 58. hxg4 fxg4 59. Rc7 f3 60. Ke1 f2+ 61.
Kd1 Ra2 62. Rf7 Kg2 63. c4 f1=Q+ 64. Rxf1 Kxf1 65. c5 g3 66. c6 Ra7 67. c7 Rxc7 68.
Kd2 Rd7+ 69. Ke3 g2 70. Kf3 g1=Q 71. Ke4 Qg4+ 72. Ke5 Re7+ 73. Kd6 Qe6+ 74. Kc5 Rc7+ 75. Kb5 Qc4+ 76. Kb6 Qc5+ 77. Ka6 0-1